 Dungeon Crawl Stone Soup version 0.23.0-3-gf3c87f2df8 (webtiles) character file.

Game seed: 1634410643195082616

272 Kass the Grave Robber (level 6, -1/30 HPs)
             Began as a Vine Stalker Necromancer on Feb 20, 2019.
             Was an Initiate of Nemelex Xobeh.
             Slain by Pikel
             ... wielding a +2 whip of electrocution
              (10 damage)
             ... on level 4 of the Dungeon.
             The game lasted 00:16:44 (2876 turns).

Kass the Grave Robber (Vine Stalker Necromancer)    Turns: 2876, Time: 00:16:46

Health: -1/30      AC:  3    Str: 11    XL:     6   Next: 23%
Magic:  0/10       EV: 12    Int: 16    God:    Nemelex Xobeh [......]
Gold:   203        SH:  0    Dex: 15    Spells: 1/9 levels left

rFire    . . .     SeeInvis .   f - +2 dagger (elec)
rCold    . . .     Gourm    .   (no shield)
rNeg     . . .     Faith    .   a - +0 robe
rPois    .         Spirit   +   (no helmet)
rElec    .         Reflect  .   (no cloak)
rCorr    .         Harm     .   i - +0 pair of gloves
MR       .....                  (no boots)
Stlth    ++........             (no amulet)
HPRegen  0.50/turn              (no ring)
MPRegen  0.12/turn              (no ring)

@: no status effects
A: fangs 2, regeneration 1, magic shield, antimagic bite, no potion heal 3, rot
immunity
a: Draw Escape, Draw Destruction, Draw Summoning, Renounce Religion


You were on level 4 of the Dungeon.
You worshipped Nemelex Xobeh.
Nemelex Xobeh was noncommittal.
You were hungry.

You visited 1 branch of the dungeon, and saw 4 of its levels.

You collected 203 gold pieces.

Inventory:

Hand Weapons
 f - a +2 dagger of electrocution (weapon)
Armour
 a - a +0 robe (worn)
 i - a +0 pair of gloves (worn)
Scrolls
 d - 3 scrolls of identify {unknown}
 e - 2 scrolls of fear {unknown}
 h - a scroll of blinking {unknown}
 k - a scroll of enchant weapon {unknown}
 l - 2 scrolls of remove curse {unknown}
Potions
 b - 3 potions of lignification {unknown}
 j - a potion of haste {unknown}
 m - 2 potions of agility {unknown}
Comestibles
 c - 2 rations
 g - 6 chunks of flesh


   Skills:
 + Level 1.1 Fighting
 - Level 1.5 Dodging
 + Level 2.5 Stealth
 - Level 2.1 Spellcasting
 + Level 7.0 Necromancy
 + Level 0.2 Invocations


You had one spell level left.
You knew the following spells:

 Your Spells              Type           Power        Failure   Level  Hunger
a - Pain                  Necr           ###.         1%          1    #......
b - Animate Skeleton      Necr           N/A          1%          1    #......
c - Vampiric Draining     Necr           ###.......   3%          3    ###....
d - Regeneration          Chrm/Necr      ##........   14%         3    ###....

Your spell library contained the following spells:

 Spells                   Type           Power        Failure   Level  Hunger
 Animate Dead             Necr           N/A          11%         4    #####..


Dungeon Overview and Level Annotations

Branches:
Dungeon (4/15)
 Temple: D:4-7

Altars:
Ashenzari
Gozag
Makhleb
Nemelex Xobeh
Okawaru
Qazlal
Sif Muna
Uskayaw
Vehumet
Wu Jian

Annotations:
D:4 Pikel


Innate Abilities, Weirdness & Mutations

You have extremely sharp teeth.
Your natural rate of healing is unusually fast.
When hurt, damage is shared between your health and your magic reserves.
Your bite disrupts and absorbs the magic of your enemies.
Potions cannot restore your health.
You are immune to rotting.


Message History

You feel invigorated.
Pikel is lightly wounded.
The slave completely misses you.
Pikel hits you with a +2 whip of electrocution!
You are electrocuted!
Your iguana skeleton bites the slave!
The slave hits your iguana skeleton. Pikel waves his whip at you.
Your iguana skeleton closely misses the slave.
The slave hits your iguana skeleton.
Ijyb hits the slave.
The slave hits your iguana skeleton.
Your iguana skeleton bites the slave!
Ijyb hits the ooze.
You closely miss Pikel. Your bite misses Pikel.
The slave hits your iguana skeleton.
Your iguana skeleton barely misses the slave.
Ijyb hits the ooze.
Pikel hits you with a +2 whip of electrocution.
* * * LOW HITPOINT WARNING * * *
You are electrocuted!
You die...
Your body disappears without a glow.

#### ######### #...
........###### ###.######
.......p.....####........#
......Z.p................+
.....Jpp.K@..###.........#
....Z##Z.....# #.........#
.##..../.....# #.........#
#.##.......# #.........#
#.......# #.#'#######
#.......# #.#.# #...$...#
#.#.# ###### #.......#
#.#.# #..... .(...####
#.#.# #.....


You could see Pikel, 4 slaves, an ooze, a ball python skeleton, a friendly
iguana skeleton and the friendly Ijyb the goblin skeleton.

Vanquished Creatures
  Jessica (D:1)
  An iguana (D:4)
  Natasha (thrice) (D:3)
  Ijyb (D:4)
  4 adders
  2 oozes
  A dart slug (D:3)
  2 leopard geckos
  3 orcs (D:3)
  7 bats
  4 giant cockroaches (D:1)
  8 goblins
  7 hobgoblins
  5 jackals
  8 kobolds
  7 frilled lizards
  10 rats
74 creatures vanquished.

Vanquished Creatures (collateral kills)
  An orc (D:3)
  2 bats
  A goblin (D:2)
  A hobgoblin (D:1)
  A kobold (D:2)
  A ball python (D:3)
7 creatures vanquished.

Grand Total: 81 creatures vanquished

Notes
Turn   | Place    | Note
-------+----------+-------------------------------------------
     0 | D:1      | Kass the Vine Stalker Necromancer began the quest for the
                  | Orb.
     0 | D:1      | Reached XP level 1. HP: 9/9 MP: 4/4
     2 | D:1      | Learned a level 1 spell: Animate Skeleton
   234 | D:1      | Reached XP level 2. HP: 13/13 MP: 4/6
   835 | D:1      | You fall through a shaft!
   980 | D:1      | Reached XP level 3. HP: 10/16 MP: 2/7
  1072 | D:1      | Reached skill level 5 in Necromancy
  1079 | D:1      | Learned a level 3 spell: Vampiric Draining
  1575 | D:2      | Noticed Jessica
  1588 | D:1      | Killed Jessica
  1588 | D:1      | Gained mutation: Your natural rate of healing is unusually
                  | fast. [Vine Stalker growth]
  1588 | D:1      | Reached XP level 4. HP: 15/21 MP: 3/8
  2163 | D:3      | Reached skill level 6 in Necromancy
  2163 | D:3      | Noticed Natasha
  2184 | D:3      | Killed Natasha
  2184 | D:3      | Reached XP level 5. HP: 18/24 MP: 0/9
  2292 | D:3      | Noticed Natasha
  2302 | D:3      | Killed Natasha
  2351 | D:3      | Noticed Natasha
  2359 | D:3      | Killed Natasha
  2419 | D:3      | Learned a level 3 spell: Regeneration
  2421 | D:3      | Found an ornate altar of the Wu Jian Council.
  2670 | D:3      | Found a burning altar of Makhleb.
  2735 | D:3      | Found a stormy altar of Qazlal.
  2740 | D:3      | Found an opulent altar of Gozag.
  2741 | D:3      | Found a sparkling altar of Nemelex Xobeh.
  2742 | D:3      | Found a radiant altar of Vehumet.
  2742 | D:3      | Found a shattered altar of Ashenzari.
  2742 | D:3      | Found a burning altar of Makhleb.
  2742 | D:3      | Found an iron altar of Okawaru.
  2743 | D:3      | Found a deep blue altar of Sif Muna.
  2745 | D:3      | Found a hide-covered altar of Uskayaw.
  2750 | D:3      | Became a worshipper of Nemelex Xobeh the Trickster
  2815 | D:4      | Received a gift from Nemelex Xobeh
  2840 | D:4      | Reached skill level 1 in Fighting
  2840 | D:4      | Reached skill level 7 in Necromancy
  2840 | D:4      | Reached XP level 6. HP: 29/30 MP: 7/10
  2858 | D:4      | Noticed Ijyb
  2864 | D:4      | Killed Ijyb
  2866 | D:4      | Noticed Pikel
  2866 | D:4      | Noticed a slave
  2866 | D:4      | Noticed a slave
  2866 | D:4      | Noticed a slave
  2868 | D:4      | Noticed a slave
  2876 | D:4      | Slain by Pikel

Skill      XL: |  1  2  3  4  5 |
---------------+----------------+-----
Necromancy     | 5 6 7 |  7.0
Fighting       | 1 |  1.1
Dodging        | |  1.5
Stealth        | |  2.5
Spellcasting   | |  2.1
Invocations    | |  0.2

Action                   |  1- 3 |  4- 6 || total
-------------------------+-------+-------++-------
Melee: Unarmed           |    37 |       ||    37
       Bite              |    10 |    13 ||    23
       Dagger            |     1 |    85 ||    86
 Cast: Pain              |    43 |    43 ||    86
       Animate Skeleton  |    13 |    20 ||    33
       Vampiric Draining |     1 |     3 ||     4
 Abil: Draw Destruction  |       |     1 ||     1
 Stab: Sleeping          |     1 |     3 ||     4
       Distracted        |       |     1 ||     1
  Eat: Chunk             |     3 |     5 ||     8
Armor: Robe              |    16 |    26 ||    42
Dodge: Dodged            |    44 |    58 ||   102
